 Dungeon Crawl Stone Soup version 0.30-a0-1066-g63dfefce0d (webtiles) character file.

Game seed: 12812010541800430688

3183 Aneyh the Fighter (level 9, -6/62 HPs)
             Began as a Tengu Fighter on Apr 13, 2023.
             Was an Initiate of Hepliaklqana.
             Shot with an arrow by a centaur (10 damage)
             ... on level 8 of the Dungeon.
             The game lasted 00:20:55 (7797 turns).

Aneyh the Fighter (Tengu Fighter)                   Turns: 7797, Time: 00:20:56

Health: -6/62      AC:  9    Str: 19 (22) XL:     9   Next: 95%
Magic:  3/3        EV: 15    Int:  5 (8)  God:    Hepliaklqana [......]
Gold:   296        SH:  4    Dex: 11 (13) Spells: 6/8 levels left

rFire   . . .      SeeInvis +    f - +4 spear (antimagic)
rCold   . . .      Faith    .    c - +0 buckler
rNeg    . . .      Spirit   .    v - +0 acid dragon scales
rPois   .          Reflect  .    (helmet restricted)
rElec   .          Rampage  .    p - +0 cloak
rCorr   +                        q - +0 pair of gloves
Will    +....                    (boots unavailable)
Stlth   +                        (no amulet)
HPRegen 0.30/turn                m - ring of willpower
MPRegen 0.08/turn                o - ring of see invisible

@: brilliant, marked, attractive, flying quickly and evasively, hasted,
invisible, very quick
A: beak, talons 3, nimble flight
a: Renounce Religion


You were on level 8 of the Dungeon.
You worshipped Hepliaklqana.
Hepliaklqana was noncommittal.
You visited 2 branches of the dungeon, and saw 10 of its levels.
You also visited: Ossuary.

You collected 296 gold pieces.

Inventory:

Hand Weapons
 a - a +0 long sword
 f - a +4 antimagic spear (weapon)
 k - a +0 scimitar of freezing
 t - a +0 glaive
Armour
 b - a +0 scale mail
 c - a +0 buckler (worn)
 h - a +0 kite shield
 p - a +0 cloak (worn)
 q - a +0 pair of gloves (worn)
 v - +0 acid dragon scales (worn)
Jewellery
 e - a ring of resist corrosion
 l - a ring of poison resistance
 m - a ring of willpower (left hand)
 o - a ring of see invisible (right hand)
 y - a +6 ring of intelligence
 A - a ring of magical power
Scrolls
 g - a scroll of fog
 j - a scroll of immolation
 n - 6 scrolls of teleportation
 z - a scroll of identify
Potions
 d - a potion of attraction
 i - a potion of brilliance
 r - a potion of lignification
 s - 3 potions of cancellation
 w - a potion of heal wounds {unknown}
 x - a potion of degeneration
 B - a potion of haste
 D - 5 potions of curing


   Skills:
 + Level 10.1 Fighting
 - Level 7.0 Long Blades
 - Level 3.2 Armour
 + Level 6.9 Dodging
 - Level 3.0 Shields
 - Level 3.0 Transmutations


You had 6 spell levels left.
You knew the following spells:

 Your Spells              Type           Power      Damage    Failure   Level
a - Wereblood             Tmut           4%         N/A       38%         2

Your spell library contained the following spells:

 Spells                   Type           Power      Damage    Failure   Level
 Beastly Appendage        Tmut           8%         N/A       26%         1
 Lesser Beckoning         Tloc           0%         N/A       80%         2
 Spider Form              Tmut/Pois      2%         N/A       83%         3
 Dazzling Flash           Conj/Hex       0%         N/A       95%         3
 Gell's Gravitas          Tloc           0%         N/A       95%         3
 Teleport Other           Tloc           0%         N/A       95%         3
 Volatile Blastmotes      Fire/Tloc      0%         2d10      95%         3
 Iskenderun's Mystic Bla  Conj/Tloc      0%         2d3       100%        4
 Starburst                Conj/Fire      0%         6d3       100%        6


Dungeon Overview and Level Annotations

Branches:
Dungeon (9/15)             Temple (1/1) D:4         Ossuary (visited)
   Lair: D:8-11         Orc: D:9-12

Altars:
Cheibriados
Dithmenos
Elyvilon
Hepliaklqana
Kikubaaqudgha
Makhleb
Nemelex Xobeh
Okawaru
Qazlal
Ru
Trog
Uskayaw
Wu Jian
Xom
Yredelemnul
Zin
The Shining One

Shops:
D:4 :   D:7 :

Annotations:
D:4 Sigmund
D:5 1 runed translucent door, Crazy Yiuf
D:7 3 runed translucent doors, crux's ghost, novice OpTm
D:8 Grum
D:9 1 transporter


Innate Abilities, Weirdness & Mutations

You have a beak for a mouth.
You have claws for feet.
Your magical nature lets you fly swiftly and evasively.


Message History

You are lethally poisoned!
The killer bee poisons you!
You feel better. The killer bee misses you.
The killer bee stings you but does no damage.
You barely miss the killer bee. You peck the killer bee.
The killer bee is severely wounded.
The killer bee misses you. The killer bee stings you!
* * * LOW HITPOINT WARNING * * *
You hit the killer bee.
You kill the killer bee!
You start resting.
A wolf is nearby!
It was a potion of magic.
Magic courses through your body.
It was a potion of haste.
You feel yourself speed up.
You hit the wolf. You claw the wolf. You peck the wolf.
The wolf is heavily wounded.
The wolf barely misses you. The wolf bites you!
* * * LOW HITPOINT WARNING * * *
A bullfrog comes into view.
It was a potion of attraction.
You feel attractive to monsters. The wolf misses you.
The wolf is attracted toward you. The bullfrog is attracted toward you.
It was a potion of brilliance.
You feel clever all of a sudden.
The centaur unwields a +0 shortbow.
You block the centaur's attack. x2
The bullfrog closely misses you.
It was a potion of invisibility.
You fade into invisibility!
The wolf closely misses you. You block the wolf's attack.
The bullfrog barely misses you.
Okay, then.
Okay, then.
The wolf attacks as you move away! You block the wolf's attack.
The centaur wields a +0 shortbow.
The centaur shoots an arrow.
The arrow closely misses you. The wolf bites you but does no damage.
The bullfrog hits you but does no damage.
The centaur shoots an arrow.
The arrow barely misses the wolf.
The arrow misses the bullfrog.
The arrow hits you!
You die...

#...... #......
#.#... .. ###.#..
..## ...#.. ..##
####.#.# #§.
#......#
#.######## #...#
#@........ #...#
#Fh.......
#.#.#####h.#######
##
#.......c.#......
..
#.#.......#.#####
~~y #?[######.#.#
~~≈
##)######.#.####
.h.
#.)..<........#
###c#
###.####...##.#


You could see 2 wolves, a bullfrog (unable to see you) and a centaur (unable to
see you).

Vanquished Creatures
  Pikel (D:3)
  An acid dragon (D:5)
  2 water moccasins
  3 ice beasts
  An orc warrior (D:7)
  A sky beast (D:7)
  An ogre (D:6)
  2 phantoms
  3 bullfrogs
  A gnoll sergeant (D:8)
  3 scorpions
  4 water moccasin zombies (Ossuary)
  A killer bee (D:8)
  4 howler monkeys (D:8)
  2 jellies
  An orc priest (D:7)
  A sleepcap (D:4)
  A hound (D:4)
  3 gnoll boudas
  Jessica (D:3)
  6 iguanas
  Natasha (D:2)
  2 orc wizards
  2 mummies (Ossuary)
  Robin (D:2)
  6 adders
  15 gnolls
  A white imp (D:7)
  5 adder zombies (Ossuary)
  A dart slug (D:2)
  3 worms
  19 orcs
  7 bats
  7 endoplasms
  4 giant cockroaches
  21 goblins
  9 hobgoblins
  5 kobolds
  2 quokkas
  11 ball pythons
  A frilled lizard (D:1)
  6 gnoll zombies (Ossuary)
  2 hobgoblin zombies (Ossuary)
  4 kobold zombies (Ossuary)
  3 orc zombies (Ossuary)
  8 rats
189 creatures vanquished.

Notes
Turn   | Place    | Note
-------+----------+-------------------------------------------
     0 | D:1      | Aneyh the Tengu Fighter began the quest for the Orb.
     0 | D:1      | Reached XP level 1. HP: 14/14 MP: 2/2
   152 | D:1      | Reached XP level 2. HP: 15/19 MP: 3/3
   444 | D:1      | Reached XP level 3. HP: 24/24 MP: 4/4
   485 | D:1      | Reached skill level 4 in Fighting
   682 | D:1      | Found a faded altar of an unknown god.
   902 | D:2      | Reached XP level 4. HP: 20/30 MP: 5/5
   969 | D:2      | Noticed Natasha
  1080 | D:2      | Killed Natasha
  1200 | D:2      | Noticed Robin
  1266 | D:2      | Killed Robin
  1267 | D:2      | Gained mutation: Your magical nature lets you fly swiftly
                  | and evasively. [Tengu growth]
  1267 | D:2      | Reached XP level 5. HP: 32/34 MP: 6/6
  1757 | D:3      | Found an ornate altar of the Wu Jian Council.
  1763 | D:3      | Noticed Jessica
  1771 | D:3      | Killed Jessica
  1854 | D:3      | Learned a level 2 spell: Wereblood
  2239 | D:3      | Found a sacrificial altar of Ru.
  2289 | D:4      | Found a bloodstained altar of Trog.
  2297 | D:4      | Noticed a lemure
  2297 | D:4      | Noticed a lemure
  2297 | D:4      | Noticed Pikel
  2300 | D:4      | Noticed a lemure
  2319 | D:4      | Noticed Sigmund
  2523 | D:3      | Reached XP level 6. HP: 27/40 MP: 7/7
  2811 | D:4      | Found a staircase to the Ecumenical Temple.
  2818 | D:4      | Reached skill level 5 in Long Blades
  2824 | Temple   | Entered the Ecumenical Temple
  3097 | D:3      | Killed Pikel
  3098 | D:3      | Reached skill level 5 in Fighting
  3098 | D:3      | Reached skill level 1 in Dodging
  3098 | D:3      | Reached skill level 1 in Transmutations
  3098 | D:3      | Reached XP level 7. HP: 23/44 MP: 8/8
  3282 | D:4      | Found a shadowy altar of Dithmenos.
  3387 | D:4      | Found Cipn's Book Emporium.
  3676 | D:5      | Entered Level 5 of the Dungeon
  3676 | D:5      | Found a white marble altar of Elyvilon.
  3783 | D:5      | Reached XP level 8. HP: 50/51 MP: 9/9
  3823 | D:5      | Found a glowing golden altar of the Shining One.
  3842 | D:5      | Reached skill level 6 in Fighting
  4686 | D:5      | Found a runed translucent door.
  4687 | D:5      | Noticed Crazy Yiuf
  4739 | D:5      | Reached skill level 7 in Fighting
  5341 | D:6      | Reached skill level 8 in Fighting
  5341 | D:6      | Reached XP level 9. HP: 59/59 MP: 10/10
  5624 | D:7      | Found a runed translucent gate.
  5624 | D:7      | Found a runed translucent gate.
  5624 | D:7      | Found a runed translucent gate.
  5626 | D:7      | Noticed crux's ghost (novice OpTm)
  5734 | D:7      | Reached skill level 5 in Dodging
  5794 | D:7      | Found a hazy altar of Hepliaklqana.
  5795 | D:7      | Found a shimmering altar of Xom.
  5796 | D:7      | Noticed a spectral ugly thing
  5796 | D:7      | Noticed a caustic shrike
  5799 | D:7      | Became a worshipper of Hepliaklqana the Forgotten
  5949 | D:7      | Found Nyodinn's Book Emporium.
  5970 | D:7      | Reached skill level 9 in Fighting
  5971 | D:7      | Found a sand-covered staircase.
  5980 | Ossuary  | Entered an ossuary
  7088 | D:7      | Noticed a kobold demonologist
  7704 | D:8      | Noticed Grum
  7736 | D:8      | Reached skill level 10 in Fighting
  7777 | D:9      | Noticed a two-headed ogre
  7777 | D:9      | Found a transporter.
  7792 | D:8      | HP: 3/62 [wolf[Grum] (7)]
  7797 | D:8      | Shot with an arrow by a centaur

Illustrated notes

Levels and vault maps discovered:
D:1:      psy_arrival_conway, layout_loops_cross,
          hellmonk_ecumenical_altar_heavens_door
D:2:      layout_basic, minmay_circle_x, uniq_robin, uniq_terence, uniq_natasha
D:3:      layout_loops_ring, mainiacjoe_overflow_tiny_flanked,
          general_overflow_altar, uniq_jessica
D:4:      layout_loops_ring, mainiacjoe_overflow_surrounded_room,
          nicolae_dithmenos_the_darkroom, minmay_temple_entry_statues_fountains,
          serial_shops, nicolae_shop_crystal, nicolae_figureground_pulse,
          uniq_pikel, uniq_sigmund
D:5:      layout_loops_ring, lemuel_crystal_altar,
          mainiacjoe_overflow_small_starburst, uniq_crazy_yiuf_cottage
D:6:      black_bear_nest_1, layout_loops_ring, mainiacjoe_overflow_alcove_4
D:7:      layout_cave_pods, regret_index_temple_of_mockery,
          gammafunk_ghost_nasty_kobolds, serial_shops,
          nicolae_inconvenience_store, enter_ossuary_3
D:8:      wad_river_or_something, layout_loops_ring,
          mainiacjoe_overflow_catwalk, lair_entry_dummy, uniq_grum, uniq_amaemon
D:9:      layout_basic, kennysheep_mini, mainiacjoe_overflow_divided_tiny,
          nzn_ghost_randoct, amcnicky_mini_corridor_feature
Temple:   kb_temple_of_zot

Skill      XL: |  1  2  3  4  5  6  7  8  9 |
---------------+----------------------------+-----
Fighting       | 4 5 8 10 | 10.1
Long Blades    | 3 4 7 |  7.0
Dodging        | 1 4 6 |  6.9
Transmutations | 1 2 3 |  3.0
Armour         | |  3.2
Shields        | |  3.0

Action                     |  1- 3 |  4- 6 |  7- 9 || total
---------------------------+-------+-------+-------++-------
  Melee: Long sword        |    81 |       |       ||    81
         Peck              |    12 |    21 |    69 ||   102
         Kick              |    15 |    29 |    99 ||   143
         Scimitar          |       |   131 |   314 ||   445
         Spear             |       |       |     6 ||     6
   Cast: Wereblood         |       |       |     4 ||     4
    Use: Potion            |       |     2 |     9 ||    11
         Scroll            |       |     1 |    10 ||    11
 Armour: Scale mail        |    32 |    80 |    20 ||   132
         Acid dragon scale |       |       |    63 ||    63
         Skin              |       |       |    17 ||    17
  Dodge: Dodged            |    37 |    77 |   203 ||   317
  Block: Buckler           |    22 |    37 |    72 ||   131

Table legend: (Time is in decaauts)
 A = Elapsed time spent in this place.
 B = Non-inter-level travel time spent in this place.
 C = Inter-level travel time spent in this place.
 D = Time resting spent in this place.
 E = Time spent auto-exploring this place.
 F = Levels seen in this place.
 G = Mean time per level.
                   A        B        C        D        E       F      G
               +--------+--------+--------+--------+--------+-----+--------+
         Total |   7577 |   7105 |    472 |   2641 |   2485 |  11 |  688.8 |
       Dungeon |   6668 |   6209 |    459 |   1997 |   2389 |   9 |  740.9 |
        Temple |     99 |     86 |     13 |      0 |     79 |   1 |   99.0 |
       Ossuary |    810 |    810 |      0 |    644 |     17 |   1 |  810.0 |
               +--------+--------+--------+--------+--------+-----+--------+

Top non-repeatable levels by time:
     D:1: 1197 daAuts
     D:3: 1120 daAuts
     D:5: 1030 daAuts
     D:7: 888 daAuts
     D:6: 823 daAuts
     D:4: 817 daAuts
 Ossuary: 810 daAuts
     D:2: 433 daAuts
     D:8: 355 daAuts
  Temple: 99 daAuts
     D:9: 3 daAuts
